 Dungeon Crawl Stone Soup version 0.20-a0-2-g2b0e13a (webtiles) character file.

5450 mmcf the Fighter (level 11, -17/90 HPs)
             Began as a Formicid Fighter on Oct 29, 2016.
             Was a Priest of Okawaru.
             Demolished by a cyclops (23 damage)
             ... on level 10 of the Dungeon.
             The game lasted 00:19:52 (10911 turns).

mmcf the Fighter (Formicid Fighter)                Turns: 10911, Time: 00:19:52

Health: -17/90     AC:  9    Str: 21    XL:     11   Next: 0%
Magic:  15/15      EV:  9    Int: 10    God:    Okawaru [***...]
Gold:   438        SH: 12    Dex: 16    Spells: 0 memorised, 10 levels left

rFire  . . .     SeeInvis +     a - +1 war axe
rCold  . . .     Gourm    .     v - +0 chain mail
rNeg   . . .     Faith    .     c - +0 shield
rPois  +         Spirit   .     (helmet unavailable)
rElec  .         Reflect  .     (no cloak)
rCorr  .         Harm     .     (no gloves)
MR     +....                    (no boots)
Stlth  ..........               (no amulet)
                                B - +5 ring of dexterity
                                i - ring of poison resistance

@: no status effects
A: permanent stasis, dig shafts and tunnels, four strong arms, antennae 3
a: Dig, Shaft Self, Heroism, Renounce Religion


You were on level 10 of the Dungeon.
You worshipped Okawaru.
Okawaru was most pleased with you.
You were not hungry.

You visited 2 branches of the dungeon, and saw 11 of its levels.
You also visited: Sewer.

You collected 516 gold pieces.
You spent 78 gold pieces at shops.

Inventory:

Hand Weapons
 a - a +1 war axe (weapon)
 b - a +0 fustibalus
Missiles
 s - 158 stones
 x - 32 sling bullets
 E - 3 tomahawks of returning (quivered)
 G - a throwing net
Armour
 c - a +0 shield (worn)
 r - a +0 scale mail
 v - a +0 chain mail (worn)
Jewellery
 i - a ring of poison resistance (left hand)
 B - a +5 ring of dexterity (right hand)
Wands
 o - a wand of flame (20/48)
 J - a wand of lightning (0/15)
Scrolls
 k - 5 scrolls of remove curse
 p - 3 scrolls of fear {unknown}
 t - a scroll of enchant weapon
 u - 2 scrolls of immolation {unknown}
 w - a scroll of vulnerability {unknown}
 y - a scroll of fog {unknown}
 C - a scroll of blinking {unknown}
 D - 2 scrolls of summoning {unknown}
 I - 3 scrolls of teleportation {unknown}
 K - a scroll of enchant armour {unknown}
Potions
 d - 2 potions of might
 e - 3 potions of flight
 g - 2 potions of agility
 h - 4 potions of curing
 j - a potion of invisibility
 l - a potion of heal wounds
 m - a potion of cancellation {unknown}
 n - a potion of haste
 q - 2 potions of brilliance
 A - 2 potions of cure mutation
 F - a potion of mutation {unknown}
Comestibles
 f - 4 bread rations
 z - a royal jelly
 H - 16 fruits
 L - 4 slices of pizza
 M - 2 meat rations
 N - 4 chunks of flesh


   Skills:
 + Level 9.9 Fighting
 + Level 8.8 Axes
 - Level 5.1 Armour
 + Level 2.1 Dodging
 - Level 9.5 Shields
 + Level 5.5 Invocations


You had 10 spell levels left.
You didn't know any spells.

Dungeon Overview and Level Annotations

Branches:
Dungeon (10/15)            Temple (1/1) D:7            Lair (0/6) D:8
    Orc: D:9-12

Altars:
Ashenzari
Cheibriados
Dithmenos
Elyvilon
Fedhas
Gozag
Hepliaklqana
Kikubaaqudgha
Makhleb
Nemelex Xobeh
Okawaru
Qazlal
Ru
Trog
Uskayaw
Xom
Yredelemnul
Zin
The Shining One

Shops:
D:4 ?}*}


Innate Abilities, Weirdness & Mutations

You are under a permanent stasis effect.
You can dig through walls and to a lower floor.
Your four strong arms can wield two-handed weapons with a shield.
You have a pair of large antennae on your head. (SInv)


Message History

You slash the cyclops!
The cyclops is heavily wounded.
The cyclops hits you!!
Your chain mail prevents you from hitting the cyclops.
The cyclops is heavily wounded.
The cyclops barely misses you.
You slash the cyclops!
The cyclops is severely wounded.
The cyclops hits you!!
* * * LOW HITPOINT WARNING * * *
You slash the cyclops!
The cyclops is severely wounded.
You slash the cyclops!
The cyclops is almost dead.
The cyclops hits you!!
* * * LOW HITPOINT WARNING * * *
You hit the cyclops but do no damage.
The cyclops is almost dead.
The cyclops hits you!!
You die...

.# ########. #
.#..... ..
..... ..
###.#.##.#
.......
#.#.###.#.##.#
......C@.<...#
#.#.###.####.#
.... .......
........##
.#.###### ...
.#


You could see a cyclops.

Vanquished Creatures
  A hydra (D:8)
  2 dream sheep (D:8)
  3 hippogriffs
  2 yaks (D:8)
  Eustachio (D:4)
  Menkaure (D:4)
  An orc warrior (D:7)
  An ice beast (D:7)
  2 phantoms (D:5)
  4 sky beasts
  A necrophage (D:5)
  An ogre (D:8)
  4 centaurs
  4 big kobolds
  3 bullfrogs
  A gnoll sergeant (D:5)
  A scorpion (D:8)
  3 wights
  4 howler monkeys (D:7)
  2 jellies
  4 hounds
  3 orc wizards
  3 centaur skeletons
  4 orc priests
  6 iguanas
  Natasha (thrice) (D:2)
  8 worker ants
  A hound skeleton (D:7)
  2 worker ant zombies
  Robin (D:4)
  8 gnolls
  9 adders
  3 river rats
  A shadow imp (D:5)
  3 worms
  2 dart slugs (D:1)
  3 leopard geckos
  17 orcs
  A ball python (D:3)
  5 bats
  7 giant cockroaches
  15 goblins
  11 hobgoblins
  22 jackals
  A quokka (D:5)
  8 frilled lizards
  11 kobolds
  A quokka skeleton (D:5)
  A quokka zombie (D:6)
  14 rats
  8 fungi (D:8)
228 creatures vanquished.

Vanquished Creatures (others)
  A jackal (D:7)
1 creature vanquished.

Grand Total: 229 creatures vanquished

Notes
Turn   | Place    | Note
-------+----------+-------------------------------------------
     0 | D:1      | mmcf the Formicid Fighter began the quest for the Orb.
     0 | D:1      | Reached XP level 1. HP: 18/18 MP: 1/1
    22 | D:1      | Reached XP level 2. HP: 14/24 MP: 2/2
   185 | D:1      | Reached XP level 3. HP: 29/29 MP: 3/3
   786 | D:3      | Reached XP level 4. HP: 34/37 MP: 4/4
   883 | D:3      | Reached XP level 5. HP: 24/42 MP: 5/5
   896 | D:3      | Found a glowing drain.
   901 | Sewer    | Entered a sewer
  1168 | Sewer    | Noticed a big kobold
  1186 | Sewer    | Killed a big kobold
  1186 | Sewer    | Reached XP level 6. HP: 47/49 MP: 6/6
  1211 | Sewer    | Found a glowing silver altar of Zin.
  1536 | D:2      | Noticed Natasha
  1540 | D:2      | Killed Natasha
  1699 | D:2      | Noticed Natasha
  1708 | D:2      | Killed Natasha
  1708 | D:2      | Reached skill level 5 in Armour
  1810 | D:2      | Noticed Natasha
  1829 | D:2      | Killed Natasha
  2419 | D:2      | Reached skill level 5 in Fighting
  2763 | D:4      | Noticed Robin
  2843 | D:4      | Killed Robin
  2843 | D:4      | Reached XP level 7. HP: 36/56 MP: 7/7
  3574 | D:4      | Noticed Menkaure
  3591 | D:4      | Killed Menkaure
  3876 | D:5      | Entered Level 5 of the Dungeon
  3905 | D:4      | Found Jabri's General Store.
  3916 | D:4      | Reached skill level 5 in Axes
  3986 | D:4      | Reached skill level 5 in Shields
  3996 | D:4      | Reached XP level 8. HP: 37/64 MP: 8/8
  4161 | D:4      | Found Lifryni's Gadget Shoppe.
  4184 | D:4      | Found Ceezops's Gadget Shop.
  4354 | D:4      | Found Lali's Magic Scroll Shoppe.
  4365 | D:4      | Bought a scroll of identify for 26 gold pieces
  4365 | D:4      | Bought a scroll of identify for 26 gold pieces
  4365 | D:4      | Bought a scroll of identify for 26 gold pieces
  4393 | D:4      | Noticed Eustachio
  4409 | D:4      | Killed Eustachio
  5387 | D:5      | Found a bloodstained altar of Trog.
  5815 | D:7      | Found a staircase to the Ecumenical Temple.
  5818 | Temple   | Entered the Ecumenical Temple
  5911 | Temple   | Became a worshipper of Warmaster Okawaru
  6019 | D:7      | Reached XP level 9. HP: 71/72 MP: 9/9
  6838 | D:7      | Noticed a hippogriff
  6891 | D:7      | Killed a hippogriff
  6891 | D:7      | Reached * piety under Okawaru
  7957 | D:7      | Reached skill level 1 in Invocations
  7958 | D:7      | Noticed a hippogriff
  7974 | D:7      | Killed a hippogriff
  7995 | D:7      | Reached ** piety under Okawaru
  8644 | D:8      | Found a staircase to the Lair.
  8735 | D:8      | Reached XP level 10. HP: 82/82 MP: 11/11
  9094 | D:8      | Noticed a three-headed hydra
  9105 | D:8      | Killed a three-headed hydra
 10145 | D:8      | Reached *** piety under Okawaru
 10175 | D:8      | Reached skill level 1 in Dodging
 10188 | D:8      | Reached skill level 5 in Invocations
 10860 | D:8      | Reached XP level 11. HP: 83/90 MP: 15/15
 10901 | D:10     | Entered Level 10 of the Dungeon
 10901 | D:10     | Noticed a cyclops
 10911 | D:10     | Demolished by a cyclops

Vault maps used:
D:1:      minmay_arrival_four_circles
D:2:      uniq_natasha
D:3:      gup_sewer_entry_bowl
D:4:      first_bread, serial_shops, shop, shop, kennysheep_mini, shop,
          item_on_display_a, uniq_menkaure, uniq_robin, uniq_eustachio
D:5:      trog_three_pillars_becter
D:8:      kennysheep_six_static_rooms, dpeg_oklobed_lair, hangedman_ranch
D:9:      minmay_curly_fans, orc_0_dummy, uniq_psyche, uniq_erica, uniq_joseph
D:10:     basic_altar
Temple:   compressed_dpeg_triangle_lava_temple
Sewer:    sewer_kobolds

Skill      XL: |  1  2  3  4  5  6  7  8  9 10 |
---------------+-------------------------------+-----
Axes           | 3 4 5 6 7 8 |  8.8
Armour         | 4 5 |  5.1
Fighting       | 4 5 7 8 9 |  9.9
Shields        | 4 5 6 8 9 |  9.5
Invocations    | 2 5 |  5.5
Dodging        | 2 |  2.1

Action                   |  1- 3 |  4- 6 |  7- 9 | 10-12 || total
-------------------------+-------+-------+-------+-------++-------
Melee: War axe           |    69 |   144 |   404 |   161 ||   778
 Fire: Hunting sling     |       |       |     6 |       ||     6
Throw: Tomahawk          |       |       |       |     4 ||     4
Invok: Heroism           |       |       |       |     2 ||     2
 Abil: Dig               |       |       |     3 |     1 ||     4
Evoke: Wand              |       |       |       |     6 ||     6
  Use: Scroll            |       |     4 |     6 |     1 ||    11
       Potion            |       |       |     1 |       ||     1
  Eat: Chunk             |       |     6 |    17 |     4 ||    27
       Pizza             |       |       |     1 |     3 ||     4
Armor: Scale mail        |    34 |    70 |    28 |       ||   132
       Chain mail        |       |       |   139 |    67 ||   206
Dodge: Dodged            |    27 |    68 |   106 |    42 ||   243
Block: Shield            |    45 |   102 |   220 |   103 ||   470
